 Dungeon Crawl Stone Soup version 0.28-a0-726-g4a9143789a (webtiles) character file.

Game seed: 2244542814911528141

548 lunkers the Magician (level 7, -2/54 HPs)
             Began as a Djinni Cinder Acolyte on Oct 27, 2021.
             Was a High Priest of Ignis.
             Slain by an ice beast (18 damage)
             ... on level 5 of the Dungeon.
             The game lasted 00:06:22 (5303 turns).

lunkers the Magician (Djinni Cinder Acolyte)        Turns: 5303, Time: 00:06:23

Health: -2/54      AC:  2    Str: 13    XL:     7   Next: 54%
Gold:   144        EV: 11    Int: 17    God:    Ignis [*****.] SH:  0 Dex:  9

rFire   + + +      SeeInvis .   a - +0 falchion (flame)
rCold   x . .      Faith    .   (no shield)
rNeg    . . .      Spirit   .   b - +0 robe
rPois   ∞          Reflect  .   (no helmet)
rElec   .          Harm     .   (no cloak)
rCorr   .          Rampage  .   (no gloves)
Will    .....                   (boots unavailable)
Stlth   +.........              (no amulet)
HPRegen 0.18/turn               (no ring)
MPRegen 0.00/turn               (no ring)

@: flying
A: sickness immunity, fire resistance 2, cold vulnerability 1, float, innate
caster, hp casting, extra vitality 1
a: Renounce Religion, Sea of Fire, Foxfire Swarm, Rising Flame


You were on level 5 of the Dungeon.
You worshipped Ignis.
Ignis was extremely pleased with you.
You visited 1 branch of the dungeon, and saw 5 of its levels.

You collected 144 gold pieces.

Inventory:

Hand Weapons
 a - a +0 falchion of flaming (weapon)
Armour
 b - a +0 robe (worn)
Wands
 l - a wand of iceblast (12)
 n - a wand of acid (8)
Scrolls
 c - 3 scrolls of blinking
Potions
 e - a potion of lignification {unknown}
 f - 2 potions of curing
 g - 2 potions of resistance {unknown}
 i - a potion of ambrosia {unknown}
 m - a potion of mutation {unknown}
 o - a potion of heal wounds {unknown}


   Skills:
 + Level 5.2 Fighting
 - Level 2.6 Long Blades
 * Level 5.3 Spellcasting


You had 9 spell levels left.
You knew the following spells:

 Your Spells              Type           Power      Damage    Failure   Level
i - Corpse Rot            Necr/Air       44%        N/A       2%          2
o - Animate Skeleton      Necr           44%        N/A       1%          1
p - Scorch                Fire           44%        2d7       2%          2
w - Slow                  Hex            22%        N/A       2%          2
Your spell library was empty.

Dungeon Overview and Level Annotations

Branches:
Dungeon (5/15)             Temple (0/1) D:4

Altars:
Elyvilon
Nemelex Xobeh
Vehumet

Annotations:
D:3 2 transporters, flotson's ghost, weakling DsDe


Innate Abilities, Weirdness & Mutations

You are immune to sickness and miasma.
You are immune to poison.
Your flesh is very heat resistant. (rF++)
You are vulnerable to cold. (rC-)
You float through the air rather than walking.
You learn spells naturally, not from books.
Your magical power is your life essence.
You have superior vitality. (+4 HP)


Message History

An ice beast comes into view.
An ice beast is nearby!
An ice beast is nearby!
Found a distressingly furry ring mail.
Found a leather armour.
Casting: Scorch (safe; 2% risk of failure)
Press: ? - help, Q - select action, (/) - cycle Dir - look around, f - activate Flames lash the ice beast.
The ice beast melts!
The ice beast is lightly wounded.
The ice beast's fire resistance burns away.
Casting: Scorch (safe; 2% risk of failure)
Press: ? - help, Q - select action, (/) - cycle Dir - look around, f - activate Flames lash the ice beast.
The ice beast melts!
The ice beast is moderately wounded.
The ice beast misses you.
Casting: Scorch (safe; 2% risk of failure)
Press: ? - help, Q - select action, (/) - cycle Dir - look around, f - activate Flames lash the ice beast.
The ice beast melts!
The ice beast is heavily wounded.
The ice beast closely misses you.
Casting: Scorch (safe; 2% risk of failure)
Press: ? - help, Q - select action, (/) - cycle Dir - look around, f - activate Flames lash the ice beast but do no damage.
The ice beast is no longer more vulnerable to fire.
The ice beast hits you but does no damage.
Casting: Scorch (safe; 2% risk of failure)
Press: ? - help, Q - select action, (/) - cycle Dir - look around, f - activate Flames lash the ice beast but do no damage.
The ice beast hits you. The ice beast freezes you!!
You feel a terrible chill!
* * * LOW HITPOINT WARNING * * *
Casting: Scorch (safe; 2% risk of failure)
Press: ? - help, Q - select action, (/) - cycle Dir - look around, f - activate Flames lash the ice beast.
The ice beast melts!
The ice beast is almost dead.
The ice beast's fire resistance burns away.
* * * LOW HITPOINT WARNING * * *
The ice beast hits you.
* * * LOW HITPOINT WARNING * * *
The ice beast freezes you!!
You feel a terrible chill!
You die...

#....[..#
###.......# .
..........+ ..
.......!#.# ...
........#.... #
...........
.[#.###.........
.......@Y...#
.....#†.....##
..# #<.........
#...####.#.
..### # ##)# ..#
####


You could see an ice beast (combustible).

Vanquished Creatures
  Sigmund (D:3)
  Purgy (D:3)
  3 jellies (D:4)
  A bullfrog skeleton (D:4)
  2 iguanas
  2 adders
  An adder skeleton (D:4)
  A worm (D:4)
  A dart slug (D:3)
  3 orcs (D:4)
  8 bats
  16 endoplasms
  6 giant cockroaches
  6 hobgoblins
  5 quokkas
  4 ball pythons
  7 goblins
  15 kobolds
  6 rats
89 creatures vanquished.

Vanquished Creatures (others)
  3 fungi (D:4)
  7 toadstools (D:4)
  3 withered plants (D:1)
13 creatures vanquished.

Grand Total: 102 creatures vanquished

Notes
Turn   | Place    | Note
-------+----------+-------------------------------------------
     0 | D:1      | lunkers the Djinni Cinder Acolyte began the quest for the
                  | Orb.
     0 | D:1      | Reached XP level 1. HP: 20/20 MP: 0/0
   130 | D:1      | Found a faded altar of an unknown god.
   145 | D:1      | Reached XP level 2. HP: 19/25 MP: 0/0
   798 | D:1      | Reached XP level 3. HP: 6/30 MP: 0/0
   798 | D:1      | Learned a level 1 spell: Animate Skeleton
  2571 | D:3      | Found a white marble altar of Elyvilon.
  2577 | D:3      | Reached XP level 4. HP: 30/35 MP: 0/0
  2725 | D:3      | Noticed Purgy
  2740 | D:3      | Killed Purgy
  2741 | D:3      | Reached XP level 5. HP: 17/41 MP: 0/0
  2741 | D:3      | Learned a level 2 spell: Corpse Rot
  2927 | D:3      | Noticed Sigmund
  2933 | D:3      | Killed Sigmund
  2934 | D:3      | Reached XP level 6. HP: 24/48 MP: 0/0
  3202 | D:3      | Found a transporter.
  3202 | D:3      | Found a transporter.
  3202 | D:3      | Noticed flotson's ghost (weakling DsDe)
  3205 | D:3      | Noticed an ogre
  3501 | D:3      | Found a sparkling altar of Nemelex Xobeh.
  3980 | D:4      | Reached XP level 7. HP: 45/53 MP: 0/0
  3980 | D:4      | Learned a level 2 spell: Slow
  4526 | D:4      | Found a staircase to the Ecumenical Temple.
  4916 | D:4      | Reached skill level 5 in Spellcasting
  4918 | D:4      | Reached skill level 5 in Fighting
  5222 | D:5      | Entered Level 5 of the Dungeon
  5303 | D:5      | Slain by an ice beast

Illustrated notes

Levels and vault maps discovered:
D:1:      dpeg_arrival_prison, layout_rooms, ebering_ecumenical_altar_petrified,
          minmay_tree_intersection
D:2:      layout_basic
D:3:      layout_loops_cross, mainiacjoe_overflow_alcove_2,
          chequers_temple_overflow_statue_of_worship, gammafunk_ghost_arena,
          uniq_purgy, uniq_sigmund
D:4:      cheibrodos_fertilizer, layout_basic, temple_statues,
          chequers_serial_rivers_marsh, kennysheep_generic_room_5
D:5:      layout_basic, ebering_ghost_sewer_d

Skill      XL: |  1  2  3  4  5  6  7 |
---------------+----------------------+-----
Spellcasting   | 3 4 5 |  5.3
Fighting       | 4 5 |  5.2
Long Blades    | |  2.6

Action                   |  1- 3 |  4- 6 |  7- 9 || total
-------------------------+-------+-------+-------++-------
Melee: Falchion          |    52 |       |       ||    52
 Cast: Scorch            |    36 |    41 |    53 ||   130
  Use: Scroll            |     2 |     1 |     4 ||     7
 Stab: Sleeping          |     1 |       |       ||     1
Armor: Robe              |    28 |     1 |     3 ||    32
Dodge: Dodged            |    45 |     7 |     7 ||    59

Table legend: (Time is in decaauts)
 A = Elapsed time spent in this place.
 B = Non-inter-level travel time spent in this place.
 C = Inter-level travel time spent in this place.
 D = Time resting spent in this place.
 E = Time spent auto-exploring this place.
 F = Levels seen in this place.
 G = Mean time per level.
                   A        B        C        D        E       F      G
               +--------+--------+--------+--------+--------+-----+--------+
         Total |   5311 |   5183 |    128 |      0 |   4689 |   5 | 1062.2 |
       Dungeon |   5311 |   5183 |    128 |      0 |   4689 |   5 | 1062.2 |
               +--------+--------+--------+--------+--------+-----+--------+

Top non-repeatable levels by time:
     D:1: 1418 daAuts
     D:4: 1390 daAuts
     D:3: 1259 daAuts
     D:2: 1161 daAuts
     D:5: 80 daAuts
